 Dungeon Crawl Stone Soup version 0.23.2-33-g5129a83184 (webtiles) character file.

Game seed: 1784680106514341072

102709 t4s4d4r the Warrior (level 16, 0/179 HPs)
             Began as an Ogre Ice Elementalist on July 8, 2019.
             Was the Champion of Ashenzari.
             Hit by a javelin thrown by a merfolk javelineer (23 damage)
             ... on level 1 of the Shoals.
             The game lasted 02:06:28 (50540 turns).

t4s4d4r the Warrior (Ogre Ice Elementalist)        Turns: 50540, Time: 02:06:29

Health: 0/179      AC: 14    Str: 16    XL:     16   Next: 34%
Magic:  15/41      EV: 15    Int: 21    God:    Ashenzari [******]
Gold:   591        SH:  4    Dex:  9    Spells: 20/39 levels left

rFire    . . .     SeeInvis +   a - staff of conjuration
rCold    + . .     Gourm    .   (no shield)
rNeg     . . .     Faith    .   j - +2 robe {rF+} (curse)
rPois    .         Spirit   .   y - +2 hat (curse)
rElec    .         Reflect  +   e - +2 cloak (curse)
rCorr    .         Harm     .   (gloves unavailable)
MR       +....     Clarity  +   (boots unavailable)
Stlth    ++++......             P - +4 amulet of reflection (curse)
HPRegen  0.39/turn              U - ring "Iwoaxoh" {Ice MP+9}
MPRegen  0.27/turn              m - +4 ring of protection (curse)

@: very slow
A: large, unfitting armour, tough skin 1
a: Curse Item, Scrying, Transfer Knowledge, Renounce Religion


You were on level 1 of the Shoals.
You worshipped Ashenzari.
Ashenzari was exalted by your worship.
You were very hungry.

You visited 6 branches of the dungeon, and saw 28 of its levels.
You also visited: Sewer, Gauntlet and Volcano.

You collected 2377 gold pieces.
You spent 1786 gold pieces at shops.

Inventory:

Hand Weapons
 b - a +9 flail of protection
Missiles
 F - 611 stones (quivered)
 K - 3 throwing nets
Armour
 e - a cursed +2 cloak (worn)
 j - a cursed +2 robe of fire resistance (worn)
 y - a cursed +2 hat (worn)
Magical Staves
 a - an uncursed staff of conjuration (weapon)
 G - an uncursed staff of poison
Jewellery
 d - an uncursed ring of protection from cold
 g - an uncursed ring of flight
 m - a cursed +4 ring of protection (right hand)
 P - a cursed +4 amulet of reflection (around neck)
 S - the ring "Okish" {rCorr rElec rN+ Slay+2}
   (You took it off a minotaur in a Gauntlet)

   [ring of resist corrosion]

   It affects your accuracy and damage with ranged weapons and melee attacks
   (+2).
   It insulates you from electricity.
   It protects you from negative energy.
 T - a +4 ring of evasion
 U - the ring "Iwoaxoh" (left hand) {Ice MP+9}
   (You found it on level 15 of the Dungeon)

   [ring of ice]

   It enhances your ice magic.
   It makes you vulnerable to fire.
   It protects you from cold.
   It affects your magic capacity (+9).
Wands
 i - a wand of iceblast (21)
 r - a wand of digging (4)
 Q - a wand of paralysis (14)
 R - a wand of acid (4)
 V - a wand of scattershot (2)
Scrolls
 h - a scroll of blinking
 l - 2 scrolls of fog
 n - 9 scrolls of teleportation
 p - 8 scrolls of amnesia
 s - 2 scrolls of summoning
 t - a scroll of enchant armour
 A - a scroll of fear
 H - 4 scrolls of magic mapping
 I - a scroll of holy word
 J - 3 scrolls of remove curse
 O - a scroll of silence
 Y - 11 scrolls of identify
Potions
 f - a potion of invisibility
 k - 5 potions of mutation
 o - 12 potions of curing
 q - 7 potions of agility
 u - 3 potions of berserk rage
 v - 5 potions of flight
 w - 3 potions of ambrosia
 x - 5 potions of resistance
 z - 5 potions of magic
 B - a potion of cancellation
 C - 8 potions of brilliance
 D - 5 potions of haste
 E - 4 potions of heal wounds
 W - 3 potions of might
Miscellaneous
 N - a box of beasts
 Z - a phial of floods
Comestibles
 c - 30 rations


   Skills:
 + Level 15.9 Fighting
 + Level 7.0(11.5) Dodging
 + Level 6.2(10.7) Stealth
 - Level 12.4 Spellcasting
 + Level 6.4(9.5) Conjurations
 - Level 3.1(5.7) Hexes
 - Level 6.8(9.9) Summonings
 + Level 5.8(8.9) Necromancy
 - Level 13.8(16.4) Ice Magic
 - Level 7.0(10.1) Evocations


You had 20 spell levels left.
You knew the following spells:

 Your Spells              Type           Power        Failure   Level  Hunger
a - Freeze                Ice            ####         0%          1    None
b - Ozocubu's Armour      Chrm/Ice       ######..     1%          3    None
c - Summon Ice Beast      Ice/Summ       #######.     1%          4    None
d - Throw Icicle          Conj/Ice       ########     1%          4    None
e - Sublimation of Blood  Necr           ######....   1%          2    None
f - Metabolic Englaciati  Hex/Ice        ######....   1%          5    ####...

Your spell library contained the following spells:

 Spells                   Type           Power        Failure   Level  Hunger
 Confusing Touch          Hex            #####.       1%          1    None
 Corona                   Hex            #####..      1%          1    None
 Flame Tongue             Conj/Fire      #####        1%          1    None
 Magic Dart               Conj           ####         1%          1    None
 Searing Ray              Conj           ######       1%          2    None
 Slow                     Hex            #####...     1%          2    None
 Throw Flame              Conj/Fire      ######       1%          2    None
 Throw Frost              Conj/Ice       ######       1%          2    None
 Confuse                  Hex            #####...     1%          3    None
 Conjure Flame            Conj/Fire      ######..     1%          3    None
 Dazzling Spray           Conj/Hex       ######       1%          3    None
 Stone Arrow              Conj/Erth      ######       1%          3    None
 Summon Guardian Golem    Hex/Summ       #####...     1%          3    None
 Ice Form                 Ice/Tmut       ######..     1%          4    None
 Iskenderun's Mystic Bla  Conj           ######..     1%          4    None
 Fulminant Prism          Conj/Hex       ######....   2%          4    None
 Beastly Appendage        Tmut           ##....       4%          1    None
 Sandblast                Erth           ##....       4%          1    None
 Inner Flame              Hex/Fire       ####....     4%          3    None
 Spectral Weapon          Hex/Chrm       ####....     4%          3    None
 Passwall                 Tmut/Erth      ##......     6%          2    None
 Sticks to Snakes         Tmut           ##......     6%          2    None
 Force Lance              Conj/Tloc      ######..     7%          4    None
 Sticky Flame             Conj/Fire      ######..     7%          4    None
 Gell's Gravitas          Tloc           ##........   13%         3    None
 Ignite Poison            Fire/Tmut/Pois ##......     13%         3    None
 Spider Form              Tmut/Pois      ##........   13%         3    None
 Fireball                 Conj/Fire      ######....   19%         5    ####...
 Irradiate                Conj/Tmut      ######....   19%         5    ####...
 Bolt of Magma            Conj/Fire/Erth #####.....   34%         5    ####...
 Yara's Violent Unravell  Hex/Tmut       ####......   36%         5    ####...
 Petrify                  Tmut/Erth      ##......     38%         4    None
 Alistair's Intoxication  Tmut/Pois      ##......     75%         5    ####...
 Blade Hands              Tmut           ##........   75%         5    ####...
 Lee's Rapid Deconstruct  Erth           ##........   75%         5    ####...


Dungeon Overview and Level Annotations

Branches:
Dungeon (15/15)            Temple (1/1) D:4            Lair (6/6) D:10
 Shoals (1/4) Lair:4       Spider (3/4) Lair:3        Slime (0/5) Lair:6
    Orc (2/2) D:12            Elf (0/3) Orc:2        Vaults (0/5) D:14
 Depths (0/5) D:15

Altars:
Ashenzari
Cheibriados
Dithmenos
Elyvilon
Fedhas
Gozag
Hepliaklqana
Kikubaaqudgha
Makhleb
Nemelex Xobeh
Okawaru
Qazlal
Ru
Sif Muna
Trog
Uskayaw
Vehumet
Wu Jian
Xom
Yredelemnul
Zin
The Shining One
Beogh

Shops:
D:4 (   D:5 %((   D:6 *   D:10 }   D:11 ?   D:13 !   Orc:2 ([*[=

Annotations:
D:5 2 transporters
D:6 Menkaure


Innate Abilities, Weirdness & Mutations

You are too large for most types of armour.
You have tough skin. (AC +1)


Message History

You fall into the shallow water.
Moving in this stuff is going to be slow.
The merfolk javelineer throws a javelin.
The javelin hits you!
* * * LOW HITPOINT WARNING * * *
You hear a splash.
You see here a javelin.
The merfolk javelineer throws a javelin.
The javelin hits you.
* * * LOW HITPOINT WARNING * * *
You hear a splash.
The merfolk javelineer throws a javelin.
The javelin hits you!
* * * LOW HITPOINT WARNING * * *
You hear a splash.
You see here 2 javelins.
Unknown command.
The merfolk javelineer throws a javelin.
The javelin hits you!!
You die...

≈≈≈≈≈≈≈≈≈....≈≈≈≈≈≈≈≈≈≈≈≈≈≈≈≈≈≈
≈≈≈...≈≈≈.≈≈≈≈≈≈≈≈≈≈≈≈≈≈≈≈≈≈≈ ≈
≈...........≈≈.≈≈≈≈≈≈≈≈≈≈≈ ≈ ≈
≈≈.###....#....≈≈≈≈≈≈≈≈≈≈≈≈ ≈
≈≈## ##..###...≈(≈≈≈≈≈≈≈≈≈ ≈ ≈≈≈
...###...# #...(.<≈≈≈≈≈≈≈≈ ≈ ≈
#.....≈≈≈###......≈≈≈≈≈≈≈≈≈ ≈ ≈ ≈
#.....≈≈≈≈...(≈)≈≈≈≈≈≈≈≈≈≈ ≈ ≈≈ ≈
#.≈≈≈..≈≈..)...≈@≈≈≈≈≈≈≈≈≈≈≈≈≈≈≈≈
.≈≈≈≈≈≈≈≈).)...≈≈≈≈≈≈≈≈≈≈≈≈≈≈≈≈≈≈
(≈.≈≈≈≈≈≈).....≈(≈≈≈≈≈≈≈≈≈≈≈≈≈≈≈≈
....≈≈≈≈........(≈≈≈≈≈≈≈≈≈≈≈≈≈≈≈≈
....≈≈≈...####...≈≈≈≈≈≈≈≈≈≈≈≈≈≈≈≈
#..........###....≈≈≈≈≈≈≈≈≈≈≈≈≈≈≈
##................≈≈≈..≈≈≈≈≈≈≈≈≈≈
#................≈....m.≈......≈
**......#.≈..≈≈≈≈≈..#.......#....


You could see a merfolk javelineer.

Vanquished Creatures
  Arachne (Spider:2)
  A dire elephant (D:15)
  A minotaur (Gauntlet)
  An ettin (Orc:1)
  3 vault guards
  A merfolk impaler (Shoals:1)
  A hydra (Lair:1)
  A centaur warrior (D:13)
  6 two-headed ogres
  An ogre mage (D:15)
  A death yak (Lair:5)
  2 tengu warriors
  3 sea snakes (Shoals:1)
  3 unseen horrors
  An orc knight (Orc:2)
  4 harpies (Shoals:1)
  An orc sorcerer (Orc:2)
  7 orb spiders
  A cyclops (D:15)
  18 wolf spiders
  2 ugly things
  6 slime creatures
  2 fauns (Shoals:1)
  2 manticores
  4 black mambas
  3 centaur zombies
  3 elephants
  2 merfolk sirens (Shoals:1)
  A centaur skeleton (D:14)
  11 spiny frogs
  2 gargoyles
  A torpor snail (Spider:1)
  2 rime drakes
  7 komodo dragons
  4 yaktaurs (D:15)
  5 demonic crawlers
  A meliai (Gauntlet)
  A queen bee (Lair:1)
  A polar bear (Lair:3)
  11 jumping spiders
  4 hornets
  2 trolls
  2 tyrant leeches (Lair:6)
  Grinder (D:6)
  7 blink frogs
  3 snapping turtles (Shoals:1)
  5 hippogriffs
  A water elemental (Shoals:1)
  A snapping turtle (shapeshifter) (D:13)
  21 redbacks
  15 tarantellas
  7 yaks
  Eustachio (D:6)
  2 fire bats (Volcano)
  4 humans
  A vampire mosquito (Lair:5)
  A basilisk (Lair:5)
  2 hungry ghosts
  A warg (Orc:1)
  An acid dragon (D:15)
  6 water moccasins
  4 porcupines
  9 orc warriors
  4 sky beasts
  A phantom (D:6)
  2 black bears
  2 ogres
  10 centaurs
  8 crocodiles
  2 big kobolds
  17 bullfrogs
  A wyvern skeleton (D:11)
  5 scorpions
  19 killer bees
  A wight (D:9)
  3 howler monkeys
  5 crimson imps
  2 bullfrog zombies
  5 lava snakes (Volcano)
  4 hounds
  2 gnoll shamans
  3 jellies
  6 orc priests
  2 bullfrog skeletons
  8 orc wizards
  2 iguanas
  12 worker ants
  A hound skeleton (D:4)
  3 hound zombies
  12 gnolls
  10 adders
  5 shadow imps
  2 oozes
  4 worms
  A dart slug (D:2)
  4 leopard geckos
  42 orcs
  A ball python (D:1)
  5 bats
  7 giant cockroaches
  3 goblins
  6 hobgoblins
  8 jackals
  17 kobolds
  A quokka (D:4)
  5 frilled lizards
  A jackal skeleton (D:8)
  A quokka skeleton (D:8)
  17 rats
512 creatures vanquished.

Vanquished Creatures (collateral kills)
  An entropy weaver (Gauntlet)
  9 hydras
  A vault guard (D:14)
  A catoblepas (Lair:6)
  5 death yaks
  5 two-headed ogres
  4 slime creatures
  An unseen horror (D:10)
  2 orb spiders
  2 deep elf magi
  A harpy (Shoals:1)
  5 wolf spiders
  A faun (Shoals:1)
  2 oklob plants (Lair:3)
  An ugly thing (D:13)
  3 orc knights
  A salamander (D:15)
  A manticore (D:11)
  A cyclops (D:14)
  3 elephants (Lair:4)
  A black mamba (Lair:3)
  9 spiny frogs
  A smoke demon (Volcano)
  A centaur skeleton (D:11)
  5 demonic crawlers
  3 komodo dragons (Lair:6)
  2 polar bears
  12 jumping spiders
  2 tyrant leeches (Lair:6)
  A merfolk (Shoals:1)
  2 meliai (Gauntlet)
  18 blink frogs
  4 hippogriffs
  A meliai zombie (D:12)
  8 tarantellas
  A wyvern (Lair:4)
  14 redbacks
  18 yaks
  2 basilisks
  3 humans
  5 hungry ghosts
  5 vampire mosquitoes
  A warg (Orc:2)
  6 water moccasins
  2 porcupines (Lair:3)
  20 orc warriors
  A phantom (D:9)
  A black bear (D:9)
  An eye of draining (D:12)
  2 ice beasts (D:7)
  2 ogres
  7 centaurs
  3 crocodiles
  2 big kobolds
  9 bullfrogs
  A gnoll sergeant (D:10)
  A scorpion (Lair:3)
  13 killer bees
  4 wights (D:9)
  An electric eel (Lair:6)
  A howler monkey (D:14)
  A crimson imp (D:14)
  A jelly (D:12)
  An iguana (D:12)
  5 orc wizards
  3 worker ants
  A worker ant zombie (D:7)
  6 gnolls
  A shadow imp (D:9)
  A worm (Lair:3)
  37 orcs
  A giant cockroach (Lair:3)
  2 plants
306 creatures vanquished.

Vanquished Creatures (others)
  A centaur warrior (D:15)
  A yaktaur (D:15)
  A human (D:14)
  10 fungi
  60 plants
73 creatures vanquished.

Grand Total: 891 creatures vanquished

Notes
Turn   | Place    | Note
-------+----------+-------------------------------------------
     0 | D:1      | t4s4d4r the Ogre Ice Elementalist began the quest for the
                  | Orb.
     0 | D:1      | Reached XP level 1. HP: 16/16 MP: 3/3
    75 | D:1      | Reached XP level 2. HP: 17/24 MP: 1/6
   566 | D:1      | Reached XP level 3. HP: 29/31 MP: 6/8
   810 | D:1      | Found a snail-covered altar of Cheibriados.
  1336 | D:2      | Reached XP level 4. HP: 30/39 MP: 7/10
  1720 | D:2      | Reached skill level 5 in Spellcasting
  1743 | D:2      | Learned a level 3 spell: Ozocubu's Armour
  1748 | D:2      | Learned a level 4 spell: Summon Ice Beast
  1753 | D:2      | Learned a level 4 spell: Throw Icicle
  2215 | D:2      | Reached skill level 1 in Fighting
  2302 | D:3      | Found an opulent altar of Gozag.
  2686 | D:3      | Reached XP level 5. HP: 43/49 MP: 6/12
  3537 | D:3      | Reached skill level 2 in Fighting
  3693 | D:4      | Found a staircase to the Ecumenical Temple.
  3701 | Temple   | Entered the Ecumenical Temple
  3785 | Temple   | Became a worshipper of Ashenzari the Shackled
  3945 | D:4      | Found a glowing drain.
  3949 | Sewer    | Entered a sewer
  4135 | Sewer    | Noticed a big kobold
  4156 | Sewer    | Killed a big kobold
  4156 | Sewer    | Reached skill level 3 in Fighting
  4156 | Sewer    | Reached XP level 6. HP: 51/61 MP: 7/13
  4241 | Sewer    | Found a glowing silver altar of Zin.
  4775 | D:4      | Found Kicworr's Weapon Shop.
  4782 | D:4      | Bought a +1 flail of protection for 112 gold pieces
  5015 | D:4      | Found a snail-covered altar of Cheibriados.
  5324 | D:5      | Entered Level 5 of the Dungeon
  5325 | D:5      | Found Arueryxo's Food Shop.
  5364 | D:5      | Reached skill level 4 in Fighting
  5364 | D:5      | Reached skill level 5 in Ice Magic
  5555 | D:5      | Reached XP level 7. HP: 66/70 MP: 11/14
  5684 | D:5      | Found a transporter.
  5685 | D:5      | Found a transporter.
  5687 | D:5      | Identified the +2 spear "Grim" {elec, *Slow rElec Dex+10}
  5687 | D:5      | Identified the +2 ring mail "Focoxyewk" {rPois Str+3}
  5698 | D:5      | Found Ommaegi's Antique Weapon Shop.
  5717 | D:5      | Reached skill level 1 in Summonings
  5722 | D:5      | Reached * piety under Ashenzari
  6137 | D:5      | Reached skill level 5 in Fighting
  6258 | D:5      | Found Suah's Antique Weapon Shoppe.
  6280 | D:5      | Found Xauc's Distillery.
  6285 | D:5      | Bought a potion of heal wounds for 55 gold pieces
  6342 | D:5      | Reached XP level 8. HP: 80/80 MP: 11/15
  6759 | D:6      | Found Xutzyos's General Store.
  6907 | D:6      | Noticed Eustachio
  6923 | D:6      | Killed Eustachio
  6923 | D:6      | Reached skill level 6 in Fighting
  7373 | D:6      | Noticed Menkaure
  7684 | D:6      | Got the mace of the Establishment {venom, rC+}
  7685 | D:6      | Identified the +3 mace of the Establishment {venom, rC+}
                  | (You found it on level 6 of the Dungeon)
  8440 | D:7      | Reached XP level 9. HP: 91/92 MP: 12/16
  8456 | D:7      | Reached skill level 7 in Fighting
  8829 | D:7      | Found a burning altar of Makhleb.
  8832 | D:7      | Found an ancient bone altar of Kikubaaqudgha.
  8835 | D:7      | Found a sacrificial altar of Ru.
  9279 | D:8      | Found an iron altar of Okawaru.
 10153 | D:8      | Reached skill level 8 in Fighting
 11048 | D:9      | Found a white marble altar of Elyvilon.
 11080 | D:9      | Reached skill level 5 in Summonings
 11303 | D:9      | Reached ** piety under Ashenzari
 11477 | D:9      | Reached XP level 10. HP: 91/106 MP: 9/17
 11599 | D:9      | Reached skill level 9 in Fighting
 12028 | D:9      | Found a sparkling altar of Nemelex Xobeh.
 12139 | D:10     | Entered Level 10 of the Dungeon
 12146 | D:10     | Noticed a death yak
 12147 | D:10     | Found a staircase to the Lair.
 12157 | D:10     | Killed a death yak
 12388 | D:10     | Reached skill level 10 in Ice Magic
 12624 | D:10     | Found Anuchal's Gadget Shop.
 12649 | D:10     | Noticed a two-headed ogre
 12654 | D:10     | Killed a two-headed ogre
 12777 | D:10     | Reached skill level 1 in Conjurations
 12915 | D:10     | Killed an unseen horror
 12915 | D:10     | Reached skill level 10 in Fighting
 13146 | D:10     | Bought a wand of paralysis (7) for 117 gold pieces
 13236 | D:10     | Noticed a two-headed ogre
 13245 | D:10     | Killed a two-headed ogre
 13263 | D:10     | Reached XP level 11. HP: 102/119 MP: 13/19
 13508 | D:11     | Found a sparkling altar of Nemelex Xobeh.
 13997 | D:10     | Killed an unseen horror
 14708 | D:11     | Reached skill level 1 in Evocations
 14736 | D:11     | Noticed a manticore
 14747 | D:11     | Killed a manticore
 15035 | D:11     | Found Kuag's Magic Scroll Shoppe.
 15048 | D:11     | Bought a scroll of blinking for 90 gold pieces
 15048 | D:11     | Bought a scroll of teleportation for 36 gold pieces
 15048 | D:11     | Bought a scroll of fog for 24 gold pieces
 15048 | D:11     | Bought a scroll of summoning for 114 gold pieces
 15159 | D:11     | Noticed a two-headed ogre
 15191 | D:11     | Killed a two-headed ogre
 15453 | D:11     | Learned a level 2 spell: Sublimation of Blood
 15563 | D:11     | Noticed a deep elf mage
 15573 | D:11     | Killed a deep elf mage
 15573 | D:11     | Reached skill level 11 in Fighting
 15713 | D:12     | Reached skill level 1 in Necromancy
 16132 | D:12     | Reached *** piety under Ashenzari
 16315 | D:12     | Noticed an eight-headed hydra
 16321 | D:12     | Killed an eight-headed hydra
 16572 | D:12     | Found a roughly hewn altar of Beogh.
 16572 | D:12     | Found a staircase to the Orcish Mines.
 17565 | D:12     | Noticed a green ugly thing
 17575 | D:12     | Killed a green ugly thing
 17575 | D:12     | Reached XP level 12. HP: 130/130 MP: 0/24
 17951 | D:13     | Noticed a centaur warrior
 17988 | D:13     | Found Ydaneixih's Distillery.
 18556 | D:13     | Killed a centaur warrior
 18939 | D:13     | Bought a potion of agility for 48 gold pieces
 18939 | D:13     | Bought a potion of agility for 48 gold pieces
 19454 | D:13     | Found a white marble altar of Elyvilon.
 19699 | Lair:1   | Entered Level 1 of the Lair of Beasts
 19994 | Lair:1   | Reached skill level 12 in Fighting
 20268 | Lair:1   | Noticed a six-headed hydra
 20277 | Lair:1   | Killed a six-headed hydra
 20411 | Lair:1   | Found a deep blue altar of Sif Muna.
 21609 | Lair:2   | Noticed a four-headed hydra
 21619 | Lair:2   | Killed a four-headed hydra
 21859 | Lair:2   | Reached **** piety under Ashenzari
 21891 | Lair:2   | Noticed an eight-headed hydra
 21901 | Lair:2   | Killed an eight-headed hydra
 21901 | Lair:2   | Reached skill level 10 in Spellcasting
 22222 | Lair:2   | Noticed a five-headed hydra
 22232 | Lair:2   | Killed a five-headed hydra
 22984 | Lair:3   | Reached XP level 13. HP: 136/141 MP: 15/27
 23479 | Lair:3   | Found a hole to the Spider Nest.
 24811 | Lair:4   | Reached skill level 13 in Fighting
 25335 | Lair:4   | Found a staircase to the Shoals.
 25888 | Lair:4   | Learned a level 5 spell: Metabolic Englaciation
 26230 | Lair:5   | Reached ***** piety under Ashenzari
 26729 | Lair:5   | Reached skill level 5 in Dodging
 26855 | Lair:5   | Found a dark tunnel.
 26862 | Volcano  | Entered a volcano
 27193 | Volcano  | Found a radiant altar of Vehumet.
 27946 | Lair:6   | Entered Level 6 of the Lair of Beasts
 28179 | Lair:6   | Found a staircase to the Slime Pits.
 28211 | Lair:6   | Reached skill level 1 in Hexes
 29887 | Lair:6   | Reached XP level 14. HP: 144/153 MP: 20/29
 31443 | Lair:6   | Identified the +4 scale mail "Syacauts" {Regen+}
 31837 | Lair:6   | Got the cursed rapier "Jupsewn" {pain, rF- Int+2 SInv}
 32020 | D:14     | Found a gate leading to a gauntlet.
 32208 | Gauntlet | Entered a Gauntlet
 32208 | Gauntlet | Found a transporter.
 32217 | Gauntlet | Found a transporter.
 32233 | Gauntlet | Found a transporter.
 32237 | Gauntlet | Found a transporter.
 32242 | Gauntlet | Noticed an entropy weaver
 32243 | Gauntlet | Found a transporter.
 32263 | Gauntlet | Found a transporter.
 32268 | Gauntlet | Found a transporter.
 32272 | Gauntlet | Found a transporter.
 32299 | Gauntlet | Found a runed translucent gate.
 32300 | Gauntlet | Found a transporter.
 32300 | Gauntlet | Found a runed translucent gate.
 32301 | Gauntlet | Found a transporter.
 32301 | Gauntlet | Found a runed translucent gate.
 32317 | Gauntlet | Found a transporter.
 32329 | Gauntlet | Found a transporter.
 32508 | Gauntlet | Killed an entropy weaver
 32508 | Gauntlet | Reached skill level 14 in Fighting
 32909 | Gauntlet | Got the cursed hat of Makhleb's Scorn {rCorr Dex+2}
 32920 | Gauntlet | Identified the cursed -5 hat of Makhleb's Scorn {rCorr
                  | Dex+2} (You found it in a Gauntlet)
 32935 | Gauntlet | Identified the +1 falchion of Biogoimp {freeze, rC+}
 32935 | Gauntlet | Identified the ring "Okish" {rCorr rElec rN+ Slay+2}
 33029 | Gauntlet | Identified the amulet "Qoqexisa" {Spirit rC+ Int+2}
 33797 | D:13     | Reached skill level 5 in Evocations
 34228 | D:14     | Found a gate to the Vaults.
 35427 | D:14     | Identified the +4 robe of Death Resistance {rC- Int+3
                  | Dex+2}
 35427 | D:14     | Identified the cursed +0 chain mail of the Armoured One
                  | {*Slow rN+++ Str-3 Int+3} (You found it on level 2 of the
                  | Lair of Beasts)
 35501 | D:13     | Bought a potion of agility for 48 gold pieces
 35501 | D:13     | Bought a potion of might for 48 gold pieces
 35501 | D:13     | Bought a potion of curing for 36 gold pieces
 35651 | D:5      | Bought a potion of heal wounds for 55 gold pieces
 35651 | D:5      | Bought a potion of invisibility for 88 gold pieces
 35651 | D:5      | Bought a potion of agility for 44 gold pieces
 35828 | D:15     | Entered Level 15 of the Dungeon
 36208 | D:15     | Identified the ring "Iwoaxoh" {Ice MP+9}
 37236 | D:15     | Noticed a dire elephant
 37246 | D:15     | Killed a dire elephant
 37730 | D:15     | Found a staircase to the Depths.
 38221 | D:15     | Reached XP level 15. HP: 165/165 MP: 22/30
 39180 | Orc:1    | Entered Level 1 of the Orcish Mines
 39434 | Orc:1    | Found a roughly hewn altar of Beogh.
 39647 | Orc:2    | Entered Level 2 of the Orcish Mines
 39647 | Orc:2    | Found a staircase to the Elven Halls.
 39647 | Orc:2    | Reached ****** piety under Ashenzari
 39846 | Orc:2    | Found a roughly hewn altar of Beogh.
 40177 | Orc:2    | Found Foofreet's Jewellery Emporium.
 41229 | Orc:2    | Found Liupoyli's Assorted Antiques.
 41229 | Orc:2    | Found Urgholl's Armour Boutique.
 41231 | Orc:2    | Found Bung's Antique Weapon Shop.
 41233 | Orc:2    | Found Posav's Armour Shoppe.
 41245 | Orc:2    | Bought a sparkling book for 465 gold pieces
 41463 | D:6      | Noticed Grinder
 41467 | D:6      | Killed Grinder
 41480 | D:6      | Bought a scroll of teleportation for 39 gold pieces
 41656 | D:5      | Bought a potion of resistance for 110 gold pieces
 41656 | D:5      | Bought 2 potions of mutation for 176 gold pieces
 41656 | D:5      | Bought a potion of curing for 33 gold pieces
 41792 | Lair:2   | Identified the cursed +0 chain mail of the Armoured One
                  | {*Slow rN+++ Str-3 Int+3} (You found it on level 2 of the
                  | Lair of Beasts)
 41837 | Spider:1 | Entered Level 1 of the Spider Nest
 42403 | Spider:1 | Reached skill level 15 in Fighting
 42933 | Spider:1 | Reached skill level 5 in Stealth
 43764 | Spider:1 | Reached skill level 5 in Conjurations
 45189 | Spider:2 | Noticed Arachne
 45215 | Spider:2 | Killed Arachne
 45568 | Spider:1 | HP: 8/167 [poisoned by a wolf spider]
 45573 | Spider:1 | HP: 7/167 [poisoned by a wolf spider]
 45579 | Spider:1 | HP: 6/167 [poisoned by a wolf spider]
 45587 | Spider:1 | HP: 7/167 [poisoned by a wolf spider]
 45595 | Spider:1 | HP: 8/167 [poisoned by a wolf spider]
 47908 | Spider:2 | Reached skill level 5 in Necromancy
 48113 | Spider:2 | Reached XP level 16. HP: 160/176 MP: 21/32
 49737 | Shoals:1 | Entered Level 1 of the Shoals
 50540 | Shoals:1 | Hit by a javelin thrown by a merfolk javelineer

Skill      XL: |  1  2  3  4  5  6  7  8  9 10 11 12 13 14 15 16 |
---------------+-------------------------------------------------+-----
Spellcasting   | 3 4 5 8 10 11 12 | 12.4
Fighting       | 1 3 4 5 6 8 10 11 12 13 14 15 | 15.9
Ice Magic      | 3 4 5 6 7 9 10 11 12 13 | 13.8
Summonings     | 2 3 5 6 |  6.8
Conjurations   | 2 4 5 6 |  6.4
Evocations     | 2 3 4 7 |  7.0
Necromancy     | 3 5 |  5.8
Stealth        | 4 5 6 |  6.2
Dodging        | 5 6 7 |  7.0
Hexes          | 2 3 |  3.1

Action                   |  1- 3 |  4- 6 |  7- 9 | 10-12 | 13-15 | 16-18 || total
-------------------------+-------+-------+-------+-------+-------+-------++-------
Melee: Club              |    14 |       |       |       |       |       ||    14
       Spear             |       |    10 |       |       |       |       ||    10
       Short sword       |       |    52 |    17 |       |       |       ||    69
       Flail             |       |       |   231 |   299 |   199 |       ||   729
       Staff             |       |       |       |       |    77 |     4 ||    81
Throw: Stone             |       |       |       |     4 |     3 |       ||     7
 Cast: Freeze            |    50 |    99 |   167 |   150 |    62 |     1 ||   529
       Ozocubu's Armour  |       |       |     1 |       |       |       ||     1
       Summon Ice Beast  |       |       |    13 |   101 |   332 |    16 ||   462
       Throw Icicle      |       |       |       |   104 |   423 |    89 ||   616
       Sublimation of Bl |       |       |       |    14 |    12 |     3 ||    29
       Metabolic Englaci |       |       |       |       |     1 |       ||     1
Invok: Curse Item        |       |     1 |       |     2 |     2 |       ||     5
       Scrying           |       |       |       |     1 |       |       ||     1
Evoke: Wand              |       |       |       |     1 |     1 |       ||     2
  Use: Scroll            |       |    11 |     9 |    20 |     8 |     4 ||    52
       Potion            |       |       |       |       |     1 |       ||     1
 Stab: Sleeping          |     1 |     1 |       |     2 |     4 |       ||     8
       Paralysed         |       |       |       |     3 |       |       ||     3
       Distracted        |       |       |       |       |     5 |       ||     5
  Eat: Chunk             |     1 |    12 |    18 |    32 |    44 |     1 ||   108
       Ration            |       |       |     1 |     8 |    13 |     2 ||    24
Armor: Robe              |    11 |    56 |   258 |   304 |   369 |    27 ||  1025
Dodge: Dodged            |    39 |    67 |   254 |   308 |   604 |    51 ||  1323
Block: Other             |       |       |       |   111 |   178 |    12 ||   301
       Reflection        |       |       |       |     2 |    17 |     2 ||    21
